[Event "Titled Tuesday Blitz November 29 Early 2022"]
[White "Matinian, Nikita"]
[Black "Poltorak, Sebastian"]
[WhiteFideId "24129100"]
[BlackFideId "1199498"]
[WhiteElo "2422"]
[BlackElo "2196"]
[Result "1/2-1/2"]
[Round "09"]
[TimeControl "180+1"]
[Date "2022.11.29"]
[WhiteClock "0:00:10"]
[BlackClock "0:00:13"]

1. e4 c6 2. d4 d5 3. e5 c5 4. Nf3 cxd4 5. Qxd4 Nc6 6. Qf4 e6 7. Bd3 Bd7 8. h4 Nb4 9. O-O Nxd3 10. cxd3 h6 11. Nc3 Ne7 12. h5 a6 13. g4 Nc6 14. Be3 Be7 15. Qg3 Qa5 16. d4 O-O-O 17. a3 Kb8 18. b4 Qc7 19. Rfc1 Rc8 20. b5 axb5 21. Nxb5 Qb6 22. Nd6 Bxd6 23. exd6 f6 24. Rc5 Na5 25. Nd2 Rxc5 26. dxc5 Qc6 27. Rb1 e5 28. Rb6 Qa4 29. Nf1 Qxg4 30. Qxg4 Bxg4 31. f4 Rc8 32. fxe5 fxe5 33. Bf2 d4 34. Rb5 Nc6 35. Ng3 Rf8 36. Ne4 Bf5 37. Nd2 Bd3 38. Rb6 e4 39. Bg3 e3 40. d7+ Ka7 41. Nb3 Rd8 42. Rxc6 bxc6 43. Nxd4 Rxd7 44. Nxc6+ Ka8 45. Ne5 Rd5 46. c6 e2 47. c7 Kb7 48. Nf7 Rf5 49. Nd6+ Kxc7 50. Nxf5+ Kc6 51. Nxg7 Kb5 52. Kf2 Ka4 53. Bf4 Be4 54. Bxh6 Bf3 55. Bd2 Bxh5 56. Nxh5 Kxa3 57. Kxe2 Ka4 58. Nf4 Kb5 59. Kd3 Kc5 60. Be3+ Kd6 61. Kd4 Kc6 62. Nd5 Kd6 63. Bf4+ Ke6 64. Ke4 Kd7 65. Nb4 Ke6 66. Be5 Ke7 67. Kd5 Kd7 68. Nc6 Kc8 69. Kc5 Kd7 70. Nd4 Ke7 71. Kc6 Kf7 72. Kd7 Kg6 73. Ke6 Kg5 74. Kf7 Kg4 75. Kf6 Kh3 76. Kf5 Kg2 77. Kg4 Kf2 78. Bf4 Ke1 79. Kf3 Kf1 80. Be3 Ke1 81. Ne2 Kf1 82. Ng3+ Ke1 83. Ke4 Kd1 84. Kd3 Ke1 85. Bd4 Kd1 86. Ne4 Kc1 87. Nc3 Kb2 88. Ne2+ Kb3 89. Bc5 Ka4 90. Nc3+ Ka5 91. Kc4 Ka6 92. Nd5 Kb7 93. Kb5 Ka8 94. Kb6 Kb8 95. Nc7 Kc8 96. Kc6 Kb8 97. Bb6 Kc8 98. Ba7 Kd8 99. Nd5 Ke8 100. Kd6 Kf7 101. Be3 Kg6 102. Ke6 Kh5 103. Kf5 Kh4 104. Kf4 Kh3 105. Kf3 Kh2 106. Nc3 Kh1 107. Ne2 1/2-1/2


[Site "https://www.chess.com"]

[Event "Titled Tuesday Blitz November 29 Early 2022"]
[White "Melian, Juan Sebastian"]
[Black "Hambleton, Aman"]
[WhiteFideId "3706575"]
[BlackFideId "2606577"]
[WhiteElo "2044"]
[BlackElo "2538"]
[Result "0-1"]
[Round "09"]
[TimeControl "180+1"]
[Date "2022.11.30"]
[WhiteClock "0:00:01"]
[BlackClock "0:00:14"]

1. d4 Nf6 2. c4 e6 3. Nc3 Bb4 4. e3 O-O 5. Ne2 Re8 6. a3 Bf8 7. Ng3 d5 8. Be2 dxc4 9. Bxc4 c5 10. dxc5 Qxd1+ 11. Kxd1 Bxc5 12. b4 Be7 13. Bb2 a5 14. b5 Nbd7 15. Ke2 Nb6 16. Bd3 Nfd7 17. Nce4 f5 18. Nd2 Nc5 19. Nc4 Nba4 20. Bd4 Nb3 21. Ne5 Nxa1 22. Rxa1 Bc5 23. Bxc5 Nxc5 24. Bc4 Rd8 25. Nh5 Kf8 26. Nf4 Ke7 27. h4 Bd7 28. f3 Rac8 0-1


[Site "https://www.chess.com"]

[Event "Titled Tuesday Blitz November 29 Early 2022"]
[White "Mogirzan, Matei-Valeriu"]
[Black "Seletsky, Grigory"]
[WhiteFideId "1257455"]
[BlackFideId "14112191"]
[WhiteElo "1733"]
[BlackElo "2492"]
[Result "1/2-1/2"]
[Round "09"]
[TimeControl "180+1"]
[Date "2022.11.30"]
[WhiteClock "0:00:03"]
[BlackClock "0:00:13"]

1. e4 c5 2. Nf3 d6 3. d4 cxd4 4. Nxd4 Nf6 5. Nc3 a6 6. Bc4 e5 7. Nf5 Bxf5 8. exf5 Nbd7 9. g4 h6 10. h4 Rc8 11. Bb3 Nc5 12. Rg1 Nxb3 13. cxb3 Be7 14. g5 hxg5 15. hxg5 Nd7 16. g6 Nf6 17. Bg5 Qd7 18. Bxf6 Bxf6 19. Ne4 d5 20. Nxf6+ gxf6 21. g7 Rg8 22. Qh5 Ke7 23. Rd1 d4 24. Qf3 Qc6 25. Qd3 Qc2 26. Qf3 Rc6 27. Rg4 Qxb2 28. Qd5 Qc3+ 29. Ke2 Qc5 30. Rdxd4 Qxd4 31. Rxd4 exd4 32. Qe4+ Kd7 33. Qxd4+ Kc7 34. Qf4+ Rd6 35. Qh6 Kc6 36. Kf3 Kd5 37. Kg4 Kc6 38. f4 Rd1 39. Qxf6+ Kb5 40. Qe5+ Kb4 41. Qe4+ Ka3 42. Qe7+ Kb2 43. Qe2+ Kc1 44. f6 Rd2 45. Qe3 Kc2 46. Kf5 Rd5+ 47. Kg4 Rd2 48. Qe4+ Kc1 49. Qe3 Kc2 1/2-1/2


[Site "https://www.chess.com"]

[Event "Titled Tuesday Blitz November 29 Early 2022"]
[White "Mogranzini, Roberto"]
[Black "Arabidze, Meri"]
[WhiteFideId "810894"]
[BlackFideId "13604040"]
[WhiteElo "2469"]
[BlackElo "2403"]
[Result "0-1"]
[Round "09"]
[TimeControl "180+1"]
[Date "2022.11.30"]
[WhiteClock "0:00:13"]
[BlackClock "0:01:24"]

1. e4 c5 2. Nf3 e6 3. g3 Nc6 4. Bg2 Nf6 5. Qe2 d6 6. O-O Be7 7. Rd1 O-O 8. d4 cxd4 9. Nxd4 Nxd4 10. Rxd4 Qc7 11. Rc4 Qb8 12. Nc3 a6 13. a4 Bd7 14. a5 Bc6 15. Bf4 e5 16. Bg5 h6 17. Bxf6 Bxf6 18. Nd5 Bxd5 19. exd5 g6 20. Qd2 Bg7 21. Qb4 f5 22. Qb6 Rf7 23. Ra3 e4 24. Rb3 Be5 25. Qe3 Qf8 26. Rb6 Re8 27. Qb3 Ree7 28. c3 Kh7 29. Qb4 h5 30. h4 Qh6 31. Kh2 Qd2 32. Rxd6 Qxf2 0-1


[Site "https://www.chess.com"]

[Event "Titled Tuesday Blitz November 29 Early 2022"]
[White "Mohamed Anees M"]
[Black "Pranav, V"]
[WhiteFideId "35065815"]
[BlackFideId "25060783"]
[WhiteElo "2135"]
[BlackElo "2430"]
[Result "0-1"]
[Round "09"]
[TimeControl "180+1"]
[Date "2022.11.29"]
[WhiteClock "0:00:12"]
[BlackClock "0:01:26"]

1. e4 e5 2. Nf3 Nc6 3. Bb5 a6 4. Ba4 d6 5. O-O Bd7 6. c3 g5 7. d4 g4 8. Ne1 exd4 9. cxd4 b5 10. Bb3 Bg7 11. Be3 Nge7 12. f3 O-O 13. fxg4 Na5 14. Bc2 Nc4 15. Bc1 c5 16. dxc5 dxc5 17. Nc3 Be6 18. Nd3 Qd7 19. Kh1 Bxg4 20. Qe1 Rac8 21. b3 Ne5 22. Nxe5 Bxe5 23. Bb2 Kh8 24. Nd1 Bxb2 25. Nxb2 Qd4 26. Nd3 c4 27. Nf2 Be6 28. Rd1 Qb2 29. Bb1 Rfd8 30. Rc1 Qd2 31. Nh3 Qxe1 32. Rfxe1 cxb3 33. axb3 Bxb3 34. Nf4 Ng6 35. Nh5 a5 36. e5 a4 37. Rxc8 Rxc8 38. Nf6 a3 0-1


[Site "https://www.chess.com"]

[Event "Titled Tuesday Blitz November 29 Early 2022"]
[White "Mohammed, Dilshad"]
[Black "Von Buelow, Georg"]
[WhiteFideId "5050421"]
[BlackFideId "4620658"]
[WhiteElo "2102"]
[BlackElo "2224"]
[Result "1-0"]
[Round "09"]
[TimeControl "180+1"]
[Date "2022.11.30"]
[WhiteClock "0:01:00"]
[BlackClock "0:00:02"]

1. Nf3 Nf6 2. d4 d5 3. e3 e6 4. Bd3 Bd6 5. O-O O-O 6. Nbd2 Nbd7 7. e4 dxe4 8. Nxe4 Nxe4 9. Bxe4 Nf6 10. Bd3 b6 11. Bg5 Bb7 12. Ne5 Be7 13. c3 h6 14. Bh4 Ne4 15. Bxe7 Qxe7 16. Re1 Nf6 17. Rc1 Rad8 18. Bb1 c5 19. Qc2 g6 20. Qd2 Kg7 21. Re3 cxd4 22. cxd4 Qd6 23. Rce1 h5 24. Rg3 Rg8 25. Nxg6 fxg6 26. Rxg6+ Kf7 27. Rxf6+ Kxf6 28. Qh6+ Kf7 29. Qxh5+ Kf8 30. Qh6+ Kf7 31. Re5 Rxg2+ 32. Kf1 Rg7 33. Qh5+ Kf8 34. Qh8+ Kf7 35. Qh5+ Ke7 36. Qh4+ Kd7 37. Qf6 Ba6+ 38. Ke1 Rg1+ 39. Kd2 Qxd4+ 40. Kc2 Rc8+ 41. Kb3 Qc4+ 42. Ka3 Rxb1 43. Qf7+ Kd6 44. Re3 Rc5 45. Qf8+ Kd7 46. Qf7+ Kc8 47. b4 1-0


[Site "https://www.chess.com"]

[Event "Titled Tuesday Blitz November 29 Early 2022"]
[White "Mohammed, Zozek Salah Mohammed"]
[Black "Fernandez Hernandez, Gerardo"]
[WhiteFideId "4803361"]
[BlackFideId "2207400"]
[WhiteElo "2199"]
[BlackElo "2213"]
[Result "1-0"]
[Round "09"]
[TimeControl "180+1"]
[Date "2022.11.30"]
[WhiteClock "0:01:05"]
[BlackClock "0:00:01"]

1. d4 Nf6 2. c4 c5 3. Nf3 cxd4 4. Nxd4 e5 5. Nc2 d5 6. e3 Nc6 7. Be2 Be6 8. O-O dxc4 9. Nba3 c3 10. bxc3 Bc5 11. Nc4 O-O 12. Ba3 Qe7 13. Bxc5 Qxc5 14. N4a3 Ne4 15. c4 Rfd8 16. Qe1 Nd2 17. Rd1 Nxf1 18. Bxf1 Rxd1 19. Qxd1 Rd8 20. Qf3 b6 21. h3 h6 22. Nb5 Rd2 23. Nca3 Rxa2 24. g4 a6 25. Bg2 axb5 26. cxb5 Rxa3 27. bxc6 Ra1+ 28. Kh2 Rc1 29. Qe4 f6 30. Qg6 Qe7 31. Qd3 Rc5 32. Qa6 Kf7 33. Qxb6 Rc4 34. Qb5 Qd6 35. Qb7+ Qe7 36. Qb5 Qc5 37. Qb7+ Qe7 38. Qb8 Rc5 39. Qh8 Bd5 40. Qc8 Bxg2 41. Kxg2 Qd6 42. Qb7+ Kg6 43. e4 Qxc6 44. Qb1 Rc2 45. Qe1 Qc5 46. h4 Qd4 47. Kg3 Qd3+ 48. f3 Qe2 49. h5+ 1-0


[Site "https://www.chess.com"]

[Event "Titled Tuesday Blitz November 29 Early 2022"]
[White "Mrudul Dehankar"]
[Black "Adnan, Habib"]
[WhiteFideId "25096990"]
[BlackFideId "11202270"]
[WhiteElo "2068"]
[BlackElo "2110"]
[Result "1-0"]
[Round "09"]
[TimeControl "180+1"]
[Date "2022.11.30"]
[WhiteClock "0:00:03"]
[BlackClock "0:00:17"]

1. e4 d5 2. exd5 Nf6 3. Nc3 Nxd5 4. Bc4 c6 5. Qf3 Nf6 6. Nge2 Bg4 7. Qg3 e6 8. h3 Bh5 9. d4 Bg6 10. Bb3 Bd6 11. Qf3 Nbd7 12. Ng3 O-O 13. Bg5 Qa5 14. Bd2 Qc7 15. Nge4 Nxe4 16. Nxe4 Bxe4 17. Qxe4 c5 18. c3 cxd4 19. cxd4 Nf6 20. Qh4 Be7 21. O-O Rfd8 22. Rac1 Qb6 23. Bc3 Nd5 24. Qe4 Bf6 25. Bc2 g6 26. Bb1 Bg7 27. h4 Ne7 28. h5 Rd5 29. hxg6 hxg6 30. Rfe1 Rad8 31. Rcd1 Nf5 32. Rd2 Nxd4 33. Red1 e5 34. a3 R5d6 35. Ba2 Kf8 36. Bb4 f5 37. Bxd6+ Rxd6 38. Qd3 Bh6 39. Qc4 Bxd2 40. Qf7# 1-0


[Site "https://www.chess.com"]

[Event "Titled Tuesday Blitz November 29 Early 2022"]
[White "Nepo"]
[Black "Buscar, Michael"]
[BlackFideId "2603616"]
[WhiteElo "2152"]
[BlackElo "2010"]
[Result "1-0"]
[Round "09"]
[TimeControl "180+1"]
[Date "2022.11.30"]
[WhiteClock "0:00:32"]
[BlackClock "0:00:01"]

1. e4 c6 2. d4 d6 3. Nc3 Nf6 4. Nf3 Bg4 5. h3 Bh5 6. Be2 Nbd7 7. O-O e5 8. dxe5 dxe5 9. Nh4 Bg6 10. Bg5 Be7 11. Nxg6 hxg6 12. Qd2 Nc5 13. Qe3 Qd4 14. Bf3 Ne6 15. Rfd1 Qb4 16. a3 Qa5 17. b4 Qc7 18. Bxf6 Bxf6 19. Ne2 Bg5 20. Qb3 O-O 21. Bg4 Nd4 22. Nxd4 exd4 23. Rd3 Rfe8 24. Rxd4 Bf6 25. Rd7 Qxd7 26. Bxd7 Bxa1 27. Bxe8 Rxe8 28. f3 Bd4+ 29. Kf1 Rd8 30. b5 cxb5 31. Qxb5 b6 32. Qa6 Bc5 33. Qxa7 Rd1+ 34. Ke2 Rg1 35. Qb8+ Kh7 36. Qg3 Ra1 37. Qh4+ Kg8 38. Qd8+ Kh7 39. Qd5 f6 40. h4 Rxa3 41. h5 gxh5 42. Qxh5+ Kg8 43. Qe8+ Kh7 44. Qd7 Re3+ 45. Kf1 Rc3 46. Qd2 Re3 47. Qd7 Kg6 48. Qf5+ Kf7 49. g4 g5 50. Qh7+ Ke6 51. Qg8+ Ke7 52. Qg7+ Ke6 53. Kg2 Re2+ 54. Kg3 Re1 55. Qg8+ Ke7 56. Qh7+ Kd6 57. Qf5 Rg1+ 58. Kh2 1-0


[Site "https://www.chess.com"]

[Event "Titled Tuesday Blitz November 29 Early 2022"]
[White "Nugumanov, Bakhtiyar"]
[Black "Floresvillar Gonzalez, Luis Migu"]
[WhiteFideId "13701797"]
[BlackFideId "5100542"]
[WhiteElo "2287"]
[BlackElo "2040"]
[Result "1-0"]
[Round "09"]
[TimeControl "180+1"]
[Date "2022.11.30"]
[WhiteClock "0:00:53"]
[BlackClock "0:00:00"]

1. e4 e6 2. d4 d5 3. e5 c5 4. c3 Nc6 5. Nf3 Qb6 6. Bd3 Bd7 7. O-O cxd4 8. Re1 dxc3 9. Nxc3 Nge7 10. h4 d4 11. Na4 Qc7 12. a3 Ng6 13. h5 Ngxe5 14. Nxe5 Nxe5 15. Bf4 Bd6 16. Rc1 Qb8 17. Nc5 Nxd3 18. Nxd7 Kxd7 19. Bxd6 Qxd6 20. Qxd3 a6 21. Rc4 e5 22. f4 b5 23. Qf5+ Qe6 24. Qxe6+ fxe6 25. Rb4 Rac8 26. fxe5 Rc4 27. Rxc4 bxc4 28. Re4 d3 29. Rxc4 Rd8 30. Rd4+ Ke7 31. Rxd8 Kxd8 32. Kf2 Kc7 33. Ke3 Kc6 34. Kxd3 Kd5 35. b4 Kxe5 36. a4 Kd5 37. b5 axb5 38. axb5 Kc5 39. Ke4 Kxb5 40. Ke5 Kc6 41. Kxe6 1-0


[Site "https://www.chess.com"]

[Event "Titled Tuesday Blitz November 29 Early 2022"]
[White "Oparin, Grigoriy"]
[Black "Mgeladze, Tamaz"]
[WhiteFideId "24125890"]
[BlackFideId "13601202"]
[WhiteElo "2639"]
[BlackElo "2288"]
[Result "1-0"]
[Round "09"]
[TimeControl "180+1"]
[Date "2022.11.29"]
[WhiteClock "0:01:08"]
[BlackClock "0:00:01"]

1. e4 c5 2. Nc3 g6 3. Nf3 Bg7 4. d4 cxd4 5. Nxd4 Nc6 6. Be3 Nf6 7. f3 O-O 8. Qd2 d5 9. exd5 Nxd5 10. Nxc6 bxc6 11. Nxd5 cxd5 12. c3 e5 13. Be2 Be6 14. O-O a5 15. Rfd1 Qc7 16. a4 Rfd8 17. Bb5 Rac8 18. Qf2 Rb8 19. Rd2 f6 20. Rad1 Bf8 21. h4 Rdc8 22. f4 Bc5 23. fxe5 fxe5 24. h5 Rf8 25. Qg3 Bxe3+ 26. Qxe3 Qb6 27. Re1 e4 28. hxg6 Qxe3+ 29. Rxe3 hxg6 30. c4 dxc4 31. Rxe4 Bf7 32. Rd6 Kg7 33. Re7 Rbc8 34. Bc6 Kh6 35. Ra7 Bg8 36. Rxa5 Rcd8 37. Rxd8 Rxd8 38. Rb5 Rd1+ 39. Kf2 Rb1 40. a5 Ra1 41. Bb7 Be6 42. a6 Bf5 43. Ke3 1-0


[Site "https://www.chess.com"]

[Event "Titled Tuesday Blitz November 29 Early 2022"]
[White "Oro, Faustino"]
[Black "Zhigalko, Sergei"]
[WhiteFideId "20000197"]
[BlackFideId "13502956"]
[WhiteElo "2066"]
[BlackElo "2662"]
[Result "0-1"]
[Round "09"]
[TimeControl "180+1"]
[Date "2022.11.29"]
[WhiteClock "0:00:05"]
[BlackClock "0:00:04"]

1. e4 c5 2. Nf3 Nc6 3. Bb5 Nf6 4. d3 Qa5+ 5. Nc3 Nd4 6. Bc4 b5 7. Bb3 Nxb3 8. cxb3 d6 9. O-O e6 10. e5 dxe5 11. Nxe5 Bb7 12. Qe2 Be7 13. Bd2 O-O 14. Nd5 Qd8 15. Nxe7+ Qxe7 16. Rac1 Rfd8 17. Bg5 Rd5 18. Bh4 Rad8 19. Rfd1 a6 20. Ng4 g5 21. Nxf6+ Qxf6 22. Bg3 Qf5 23. h3 f6 24. f3 h5 25. Bf2 Re5 26. Qf1 g4 27. hxg4 hxg4 28. fxg4 Qxg4 29. Rxc5 Rxc5 30. Bxc5 Rd5 31. d4 Rh5 32. Rd3 Kf7 33. Re3 Bd5 34. Qf2 Rg5 35. Re2 Qh3 36. Kf1 Rxg2 37. Qxg2 Bxg2+ 38. Rxg2 Qd3+ 39. Kg1 Qb1+ 40. Kh2 Qxa2 41. b4 Qd5 42. Rf2 Qh5+ 43. Kg3 Qg5+ 44. Kf3 Qf5+ 45. Ke3 Qd5 46. Rh2 Qb3+ 47. Kf4 Qd3 48. Rf2 Kg6 49. Kg4 f5+ 50. Kf4 Qe4+ 51. Kg3 Qe3+ 52. Kg2 Qe4+ 53. Kg3 Qe3+ 54. Kg2 f4 55. Bd6 Qe4+ 56. Kg1 Qxd4 57. Bxf4 Qxb4 58. Be5 Qe1+ 0-1


[Site "https://www.chess.com"]

[Event "Titled Tuesday Blitz November 29 Early 2022"]
[White "Ovchinnikov, Vsevolod"]
[Black "Leve, Nitai"]
[WhiteFideId "24176842"]
[BlackFideId "2006898"]
[WhiteElo "2376"]
[BlackElo "2144"]
[Result "1-0"]
[Round "09"]
[TimeControl "180+1"]
[Date "2022.11.30"]
[WhiteClock "0:00:48"]
[BlackClock "0:00:01"]

1. Nf3 d5 2. c4 c6 3. b3 Nf6 4. Bb2 Bg4 5. d3 e6 6. Nbd2 Nbd7 7. h3 Bh5 8. g4 Bg6 9. Nh4 Bd6 10. Bg2 Qc7 11. a3 Ne5 12. Qc2 h5 13. g5 Nh7 14. Nxg6 Nxg6 15. h4 O-O-O 16. Bxg7 Rhg8 17. Bb2 Be5 18. Bf3 f6 19. gxf6 Nxf6 20. O-O-O Nf4 21. e3 Bxb2+ 22. Kxb2 Ng6 23. d4 Kb8 24. Rdg1 Ne7 25. Rg5 Nf5 26. cxd5 Nxd5 27. Bxd5 Rxg5 28. hxg5 Rxd5 29. Rxh5 a6 30. Nf3 Ra5 31. b4 Rb5 32. Qc4 a5 33. Kb3 axb4 34. axb4 Nd6 35. Rh8+ 1-0


[Site "https://www.chess.com"]

[Event "Titled Tuesday Blitz November 29 Early 2022"]
[White "Ozen, Bahadir"]
[Black "Malek, Jan"]
[WhiteFideId "6337058"]
[BlackFideId "21864080"]
[WhiteElo "2503"]
[BlackElo "2255"]
[Result "1-0"]
[Round "09"]
[TimeControl "180+1"]
[Date "2022.11.29"]
[WhiteClock "0:00:19"]
[BlackClock "0:00:02"]

1. g3 d5 2. Nf3 Nc6 3. d3 e5 4. Bg2 Nf6 5. O-O Be7 6. c3 O-O 7. Nbd2 a5 8. Qc2 h6 9. b3 Be6 10. a3 Re8 11. Bb2 Bf8 12. b4 Qd6 13. Rfd1 b5 14. e4 Qd7 15. bxa5 Rxa5 16. exd5 Nxd5 17. c4 Nb6 18. Bxe5 Bf5 19. Bc3 Bxd3 20. Qc1 Ra4 21. cxb5 Bxb5 22. Nc4 Qe7 23. Nxb6 cxb6 24. Rb1 Be2 25. Re1 Rxa3 26. Bb2 Rb3 27. Nd2 Rxb2 28. Rxb2 Nb4 29. Nf1 Qf6 30. Rbxe2 Nd3 31. Qd2 Rd8 32. Re8 Nxe1 33. Rxd8 Nf3+ 34. Bxf3 Qxf3 35. Rxf8+ Kh7 36. Qc2+ g6 37. Qb2 1-0


[Site "https://www.chess.com"]

[Event "Titled Tuesday Blitz November 29 Early 2022"]
[White "Palacio,Igor Da Paz"]
[Black "Dehtiarov, Roman"]
[WhiteFideId "2121140"]
[BlackFideId "14186640"]
[WhiteElo "2126"]
[BlackElo "2200"]
[Result "0-1"]
[Round "09"]
[TimeControl "180+1"]
[Date "2022.11.30"]
[WhiteClock "0:00:01"]
[BlackClock "0:01:17"]

1. e4 e5 2. Nf3 Nc6 3. Bb5 a6 4. Ba4 Nf6 5. Qe2 b5 6. Bb3 Bc5 7. a4 Rb8 8. c3 d6 9. axb5 axb5 10. d3 O-O 11. Be3 Bb6 12. Nbd2 Ne7 13. Bxb6 Rxb6 14. Ra8 Ng6 15. g3 Qe7 16. h3 Be6 17. Rxf8+ Nxf8 18. Bxe6 Nxe6 19. b4 Ra6 20. O-O Nh5 21. Nh4 Nhf4 22. Qg4 h5 23. Qf3 Ng5 24. Qe3 Nfxh3+ 25. Kg2 Ra2 26. Nf5 Qf6 27. Rh1 g6 28. Nh4 Qxf2+ 29. Qxf2 Nxf2 30. Kxf2 Rxd2+ 31. Ke3 Rc2 32. c4 bxc4 33. d4 Rc3+ 34. Kd2 exd4 35. e5 dxe5 36. Ra1 Rxg3 37. Ra7 Ne4+ 38. Kc2 d3+ 39. Kb2 c3+ 40. Kb3 d2 41. Kc2 Rg1 0-1


[Site "https://www.chess.com"]

[Event "Titled Tuesday Blitz November 29 Early 2022"]
[White "Papasimakopoulos, Alexandros"]
[Black "Terzi, Alexei"]
[WhiteFideId "4244125"]
[BlackFideId "13505076"]
[WhiteElo "2365"]
[BlackElo "2172"]
[Result "1-0"]
[Round "09"]
[TimeControl "180+1"]
[Date "2022.11.29"]
[WhiteClock "0:01:51"]
[BlackClock "0:01:50"]

1. d4 Nf6 2. c4 e6 3. Nc3 d5 4. cxd5 exd5 5. Bg5 Be7 6. e3 O-O 7. Bd3 c6 8. Qc2 Nbd7 9. Nf3 Re8 10. O-O Nf8 11. h3 Ng6 12. Bxf6 Bxf6 13. b4 a6 14. a4 Bd7 15. b5 axb5 16. axb5 Be7 17. Rxa8 Qxa8 18. Na4 Qa5 19. Nc5 Bc8 20. Nb3 Qb6 21. bxc6 bxc6 22. Rc1 Bd7 23. Bxg6 hxg6 24. Ne5 Bf5 25. Qxc6 Rc8 26. Qxb6 1-0


[Site "https://www.chess.com"]

[Event "Titled Tuesday Blitz November 29 Early 2022"]
[White "Paravyan, David"]
[Black "Timofeev, Artyom"]
[WhiteFideId "4194985"]
[BlackFideId "4140419"]
[WhiteElo "3051"]
[BlackElo "2860"]
[Result "1/2-1/2"]
[Round "09"]
[TimeControl "180+1"]
[Date "2022.11.29"]
[WhiteClock "0:00:06"]
[BlackClock "0:00:05"]

1. e4 c5 2. Nf3 Nc6 3. Nc3 e5 4. Bc4 d6 5. d3 Be7 6. a4 Nf6 7. Bg5 O-O 8. Bxf6 Bxf6 9. Nd5 Nb4 10. c3 Nxd5 11. Bxd5 Rb8 12. O-O Be6 13. Bxe6 fxe6 14. b4 cxb4 15. cxb4 Kh8 16. Qb3 Qd7 17. Rfc1 a6 18. Rc3 Bd8 19. Rac1 a5 20. d4 axb4 21. Rd3 exd4 22. Nxd4 Bb6 23. Nf3 Qe7 24. Qxb4 Bc5 25. Qb5 b6 26. Rcd1 e5 27. h3 Ra8 28. Qb3 Qe8 29. Rxd6 Bxd6 30. Rxd6 Qxa4 31. Qxa4 Rxa4 32. Rxb6 Rxe4 33. Re6 Kg8 34. Rxe5 Rxe5 35. Nxe5 Ra8 36. g3 Kf8 37. Kg2 Ke7 38. h4 Ke6 39. Nf3 h6 40. Ng1 Ra2 41. Nh3 Kf5 42. Kf3 Ra3+ 43. Kg2 Ke4 44. Nf4 Ra2 45. Ne6 Ra7 46. Nf4 Kf5 47. Nd5 Ra2 48. Nf4 Rd2 49. Nh5 g6 50. Nf4 Rd4 51. Ne2 Rc4 52. Ng1 Rc2 53. Nf3 Ke4 54. Ng1 Rc7 55. Nh3 Rf7 56. Ng1 Rf6 57. Nh3 Rf8 58. Ng1 Kd3 59. Nf3 Ke2 60. Ng1+ Ke1 61. Nf3+ Kd1 62. Ne5 Ke2 63. f4 Rg8 64. g4 Ke3 65. Kg3 Ke4 66. Nf7 h5 67. Ng5+ Kd5 68. Kf3 Rf8 69. gxh5 gxh5 70. Ne4 Ke6 71. Ng3 Rh8 72. Ke4 Kf6 73. Kf3 Kg6 74. f5+ Kh6 75. Kf4 Ra8 76. Ne4 Ra4 77. Ke5 Kg7 78. Kf4 Kf7 79. Ke5 Kg7 80. Kf4 Rb4 81. Ke5 Rb1 82. Kf4 Rg1 83. Ng3 Kh6 84. Kf3 Rb1 85. Kf4 Rb4+ 86. Ne4 Ra4 87. Ke5 Ra1 88. Ng3 Ra3 89. Kf4 Rb3 90. Ne4 Rh3 91. Ke5 Rxh4 92. Nd6 Rh1 93. f6 Kg6 94. f7 Rf1 95. Ke4 h4 96. Nc4 Re1+ 97. Kf3 Kxf7 98. Ne3 Kg6 99. Ng2 Rf1+ 100. Kg4 Rg1 101. Kh3 Kh5 102. Nf4+ Kg5 103. Ne6+ Kf5 104. Nd4+ Kg5 105. Nf3+ Kh5 106. Nxg1 Kg5 107. Nf3+ Kh5 108. Nxh4 1/2-1/2


[Site "https://www.chess.com"]

[Event "Titled Tuesday Blitz November 29 Early 2022"]
[White "Pinheiro, Iung Alicio de O."]
[Black "Zivkovic, Nemanja"]
[WhiteFideId "2104350"]
[BlackFideId "942154"]
[WhiteElo "2283"]
[BlackElo "2372"]
[Result "1-0"]
[Round "09"]
[TimeControl "180+1"]
[Date "2022.11.30"]
[WhiteClock "0:00:16"]
[BlackClock "0:00:06"]

1. e4 c5 2. Nf3 d6 3. Bc4 e6 4. O-O a6 5. Re1 Nd7 6. d4 cxd4 7. Nxd4 Qc7 8. Bb3 Ngf6 9. Nc3 b5 10. a4 b4 11. Nd5 Nxd5 12. exd5 e5 13. Bd2 a5 14. c3 bxc3 15. Rc1 Nc5 16. Rxc3 Qb6 17. Nc6 f6 18. Bc4 Bd7 19. f4 Be7 20. Be3 Bd8 21. fxe5 fxe5 22. Rf1 Bf6 23. Rb3 Qc7 24. Rxf6 Bxc6 25. dxc6 gxf6 26. Qh5+ Kd8 27. Bxc5 dxc5 28. Rd3+ Kc8 29. Be6+ Kb8 30. Rb3+ Ka7 31. Rb7+ Qxb7 32. cxb7 Kxb7 33. Qf7+ Ka6 34. Bc4+ Kb6 35. Qxf6+ Ka7 36. Qe7+ Kb6 37. Qd6+ Ka7 38. Qc7# 1-0


[Site "https://www.chess.com"]

[Event "Titled Tuesday Blitz November 29 Early 2022"]
[White "Postny, Evgeny"]
[Black "Postnikov, Daniil"]
[WhiteFideId "2804344"]
[BlackFideId "4166329"]
[WhiteElo "2476"]
[BlackElo "2261"]
[Result "1-0"]
[Round "09"]
[TimeControl "180+1"]
[Date "2022.11.29"]
[WhiteClock "0:00:28"]
[BlackClock "0:00:04"]

1. e4 e6 2. d4 d5 3. Nd2 c5 4. Ngf3 cxd4 5. Nxd4 Nf6 6. exd5 Qxd5 7. N2f3 Bc5 8. Be2 O-O 9. O-O a6 10. Nb3 Bb6 11. c4 Qf5 12. Qd3 Qxd3 13. Bxd3 Nc6 14. c5 Bc7 15. Bd2 e5 16. Bc4 Bg4 17. Bc3 Ne4 18. Bd5 Bxf3 19. gxf3 Nxc3 20. bxc3 Rad8 21. c4 Rb8 22. Rab1 Rfd8 23. Rfd1 Kf8 24. Nd2 Nd4 25. Kf1 b6 26. c6 f5 27. Nb3 Nxb3 28. axb3 a5 29. Be6 g6 30. Bd7 Ke7 31. Rd5 Rf8 32. Rbd1 Rf6 33. Bxf5 Rxc6 34. Rd7+ Kf6 35. Be4 Rc5 36. Rxh7 Rg8 37. Rdd7 Bd8 38. h4 Rf8 39. Bd5 Kf5 40. Rxd8 Rxd8 41. Rf7# 1-0


[Site "https://www.chess.com"]

[Event "Titled Tuesday Blitz November 29 Early 2022"]
[White "Przybylski, Wojciech"]
[Black "Van Osch, Mees"]
[WhiteFideId "1117599"]
[BlackFideId "1035967"]
[WhiteElo "2221"]
[BlackElo "2324"]
[Result "0-1"]
[Round "09"]
[TimeControl "180+1"]
[Date "2022.11.30"]
[WhiteClock "0:00:01"]
[BlackClock "0:01:08"]

1. e4 e6 2. d4 d5 3. Nc3 Nf6 4. Bg5 Be7 5. Bd3 dxe4 6. Nxe4 Nxe4 7. Bxe7 Nxf2 8. Bxd8 Nxd1 9. Bxc7 Nxb2 10. Be4 O-O 11. Nf3 Na6 12. Bf4 Na4 13. Bd2 Nb6 14. Bd3 Bd7 15. Ne5 Ba4 16. O-O f6 17. Nf3 Rac8 18. Rac1 Nc4 19. Bf4 Nb4 20. Be4 Bc6 21. Rfe1 Bxe4 22. Rxe4 Rfe8 23. Rb1 Nd5 24. Rxb7 f5 25. Be5 fxe4 26. Ng5 Re7 27. Rb1 Nc3 28. Re1 e3 29. d5 Nxe5 0-1


[Site "https://www.chess.com"]

[Event "Titled Tuesday Blitz November 29 Early 2022"]
[White "Reprintsev, Alexander"]
[Black "Lauridsen, Jesper Morch"]
[WhiteFideId "14100541"]
[BlackFideId "1401890"]
[WhiteElo "2230"]
[BlackElo "2279"]
[Result "1-0"]
[Round "09"]
[TimeControl "180+1"]
[Date "2022.11.30"]
[WhiteClock "0:00:15"]
[BlackClock "0:00:02"]

1. e4 c5 2. b3 b6 3. d4 cxd4 4. Qxd4 Nc6 5. Qd2 Nf6 6. Nc3 e6 7. Bb2 Bb4 8. f3 O-O 9. a3 Bc5 10. O-O-O Qe7 11. b4 Nxb4 12. axb4 Bxb4 13. Qg5 Bb7 14. e5 Qc5 15. Bd3 Bxc3 16. Bxc3 Qxc3 17. exf6 Qxf6 18. Qxf6 gxf6 19. Ne2 Rac8 20. Kd2 f5 21. Ra1 a5 22. Rhb1 Rc6 23. Nd4 Rd6 24. Nb5 Rc6 25. Ra4 Kg7 26. g4 fxg4 27. Rxg4+ Kf6 28. Rh4 Rg8 29. Ke3 d5 30. Rh6+ Ke7 31. Rxh7 Rg2 32. Nd4 e5 33. Nxc6+ Bxc6 34. Be2 d4+ 35. Kd2 Bxf3 36. Re1 e4 37. Rh6 e3+ 38. Kd3 Bxe2+ 39. Rxe2 Rg1 40. Kxd4 f5 41. Rxe3+ Kf7 42. Rxb6 f4 43. Rf3 1-0


[Site "https://www.chess.com"]